[Event "Copenhagen Challenge IM 2020"]
[Site "Ballerup"]
[Date "2020.07.24"]
[Round "5.10"]
[White "Nielsen, Viktor Haarmark"]
[Black "Vesterli, Michael E."]
[Result "1-0"]
[ECO "B33"]
[WhiteElo "2301"]
[BlackElo "2266"]
[Annotator "RC"]
[PlyCount "69"]
[EventDate "2020.07.22"]
[EventType "tourn"]
[EventCountry "DEN"]
[SourceTitle "playchess.com"]
[Source "ChessBase"]
[SourceQuality "1"]
[TimeControl "40/5400:0"]

1. e4 c5 2. Nf3 Nc6 3. d4 cxd4 4. Nxd4 Nf6 5. Nc3 e5 6. Ndb5 d6 7. Bg5 a6 8. Na3 b5 9. Nd5 Be7 10. Bxf6 Bxf6 11. c4 b4 12. Nc2 a5 13. g3 O-O 14. Bg2 Bg5 15. O-O Be6 16. Qd3 Qb8 17. f4 Bh6 18. f5 Bxd5 19. exd5 Qb6+ 20. Kh1 Nd4 21. f6 g6 22. Ne3 Rfc8 23. h4 Qd8 24. Ng4 Bf8 25. Be4 Qd7 26. Nf2 b3 27. h5 Qe8 28. Kg2 bxa2 29. hxg6 fxg6 30. Rxa2 Rcb8 31. Nh3 Kh8 32. Ng5 Rb3 33. Qd1 Bh6 34. Ne6 Nf5 35. Qxb3 1-0

[Event "Copenhagen Challenge IM 2020"]
[Site "Ballerup"]
[Date "2020.07.25"]
[Round "6.6"]
[White "Heimisson, Hilmir Freyr"]
[Black "Vinter-Schou, Uffe"]
[Result "1-0"]
[ECO "A45"]
[WhiteElo "2309"]
[BlackElo "2349"]
[Annotator "ChessBase"]
[PlyCount "141"]
[EventDate "2020.07.22"]
[EventType "tourn"]
[EventCountry "DEN"]
[SourceTitle "playchess.com"]
[Source "ChessBase"]
[SourceQuality "1"]
[TimeControl "40/5400:0"]

1. d4 Nf6 2. Bf4 e6 3. Nf3 c5 4. e3 Nc6 5. Nbd2 Be7 6. Nc4 d5 7. Nce5 Qb6 8. Rb1 Qa5+ 9. c3 Qxa2 10. dxc5 O-O 11. Bd3 Ne4 12. O-O Nxc5 13. b4 Nxe5 14. Nxe5 Ne4 15. Ra1 Qb2 16. Bxe4 dxe4 17. Nc4 Qxc3 18. Nb6 axb6 19. Rxa8 Qxb4 20. Qd4 Qxd4 21. exd4 Bd7 22. Rfa1 f6 23. Rxf8+ Kxf8 24. Rb1 b5 25. Kf1 Bc6 26. Ke1 Kf7 27. Kd2 b4 28. h4 h5 29. Rg1 Bd5 30. Kc2 Bd8 31. Bc1 Ba5 32. g4 b3+ 33. Kb2 hxg4 34. Rxg4 f5 35. Rg1 Bc7 36. Bd2 Bd6 37. h5 Bh2 38. Rg6 b5 39. Rg5 Bd6 40. Rg1 Be7 41. Bf4 Bf6 42. Be5 Bc4 43. Rg6 Bxe5 44. dxe5 Be2 45. Rg5 f4 46. Kxb3 e3 47. fxe3 f3 48. Rg4 Kg8 49. Rf4 Kh7 50. Kc3 Kh6 51. Kd2 Kxh5 52. Ke1 g5 53. Rf6 Bc4 54. Kf2 g4 55. Kg3 Bd5 56. Rf4 Bc4 57. Rf8 Kg5 58. Rf7 Kg6 59. Rf6+ Kg5 60. Rf8 Bd3 61. Rd8 Be4 62. Rf8 Bf5 63. Rg8+ Bg6 64. e4 b4 65. Kf2 Kh5 66. Ke3 b3 67. Rg7 Bxe4 68. Kxe4 b2 69. Rh7+ Kg5 70. Rh1 f2 71. Ke3 1-0

[Event "Copenhagen Challenge IM 2020"]
[Site "Ballerup"]
[Date "2020.07.25"]
[Round "6.9"]
[White "Vesterli, Michael E."]
[Black "Jepson, Christian"]
[Result "0-1"]
[ECO "D30"]
[WhiteElo "2266"]
[BlackElo "2377"]
[Annotator "ChessBase"]
[PlyCount "94"]
[EventDate "2020.07.22"]
[EventType "tourn"]
[EventCountry "DEN"]
[SourceTitle "playchess.com"]
[Source "ChessBase"]
[SourceQuality "1"]
[TimeControl "40/5400:0"]

1. d4 Nf6 2. c4 e6 3. Nf3 d5 4. Bg5 Nbd7 5. e3 c6 6. Qc2 Qa5+ 7. Nbd2 Ne4 8. Bf4 Bb4 9. a3 g5 10. Bg3 h5 11. O-O-O Bxa3 12. bxa3 Qxa3+ 13. Qb2 Qxb2+ 14. Kxb2 h4 15. Nxe4 dxe4 16. Nxg5 hxg3 17. fxg3 Ke7 18. Nxe4 f5 19. Nd2 Nf6 20. Be2 Bd7 21. Ra1 b6 22. Bf3 a5 23. e4 Ra7 24. e5 Nh7 25. g4 fxg4 26. Bxg4 Rg8 27. h3 c5 28. dxc5 bxc5 29. Rhf1 Bc6 30. g3 Rd8 31. Kc3 Rad7 32. Nb3 Rd3+ 33. Kc2 Rxg3 34. Nxc5 Rg2+ 35. Kc1 a4 36. Nxa4 Be4 37. Bd1 Ra8 38. Ra3 Bf5 39. h4 Nf8 40. Rb3 Nd7 41. Rb7 Ra5 42. Rf4 Ke8 43. Rb5 Nxe5 44. Rd4 Nd3+ 45. Kb1 Rxb5+ 46. cxb5 Nb4+ 47. Kc1 Na2# 0-1

[Event "Copenhagen Challenge IM 2020"]
[Site "Ballerup"]
[Date "2020.07.25"]
[Round "6.10"]
[White "Akdag, Dara"]
[Black "Ingebretsen, Jens E"]
[Result "1-0"]
[ECO "A03"]
[WhiteElo "2244"]
[BlackElo "2182"]
[Annotator "ChessBase"]
[PlyCount "105"]
[EventDate "2020.07.22"]
[EventType "tourn"]
[EventCountry "DEN"]
[SourceTitle "playchess.com"]
[Source "ChessBase"]
[SourceQuality "1"]
[TimeControl "40/5400:0"]

1. f4 d5 2. Nf3 Bg4 3. e3 Nd7 4. h3 Bxf3 5. Qxf3 Ngf6 6. Nc3 c6 7. g4 e5 8. d3 Bd6 9. g5 Ng8 10. e4 exf4 11. Bxf4 Ne5 12. Qf2 d4 13. Ne2 Qa5+ 14. Bd2 Bb4 15. Bxb4 Qxb4+ 16. Kd1 c5 17. Qf5 Nc6 18. Rb1 Nge7 19. Qf2 Qa4 20. a3 O-O 21. Nf4 Rad8 22. h4 Ne5 23. Qg3 c4 24. h5 Qc6 25. Rh2 cxd3 26. Bxd3 Qc7 27. g6 Rc8 28. gxh7+ Kh8 29. Rg2 g6 30. hxg6 fxg6 31. Ne6 Qd6 32. Nxf8 Rxf8 33. Rf2 Rc8 34. Qf4 Kg7 35. Kd2 N7c6 36. Rh1 Na5 37. h8=Q+ Rxh8 38. Rxh8 Kxh8 39. Qf8+ Qxf8 40. Rxf8+ Kg7 41. Rc8 Kf6 42. Rc7 Ke6 43. b4 Kd6 44. Rg7 Nac6 45. Rxb7 g5 46. b5 Ne7 47. Rxa7 g4 48. Ke2 N7g6 49. Ra6+ Ke7 50. Rxg6 Nxg6 51. Kf2 Kf6 52. b6 Ne5 53. Bb5 1-0